AoeStats
← ema.frigo

Arena

510106814Analyzed
3v3 RM · 2d ago on Sep 29, 2026· 40m 6s· 6 players
Game mode
Random Map
Map size
Normal (6 player)
Population
200
Speed
Normal
Resources
Standard
Victory
Conquest
Starting age
Dark Age
Ending age
Imperial Age
RankedLock teamsTeams togetherTeam positionsShared explorationLock speedFull tech treeHidden civsTurbo modeCheats
Victory
Defeat
🇩🇪 Khmer · Germany
767
+8
🇬🇪 Britons · Georgia
731
+9
🇧🇷 Byzantines · Brazil
713
+9
🇦🇷 Spanish · Argentina
639
-12
🇷🇸 Franks · Serbia
558
-8
🇬🇧 Inca · United Kingdom
492
-6
Leggy Mountbatten
0:29 Loom
10:45 Feudal Age
11:11 Horse Collar
11:17 Double-Bit Axe
11:23 Gold Mining
19:46 Castle Age
18:51 Stone Mining
19:20 Forging
19:17 Fletching
19:39 Arson
21:19 Heavy Plow
23:43 Town Watch
25:37 Squires
28:49 Bow Saw
30:56 Caravan
31:50 Town Patrol
32:10 Pikeman
34:11 Padded Archer Armor
34:12 Scale Mail Armor
34:48 Iron Casting
Bambam87607
9:07 Feudal Age
9:50 Double-Bit Axe
13:44 Gold Mining
16:43 Horse Collar
20:37 Stone Mining
24:34 Castle Age
25:58 Stone Shaft Mining
25:53 Bow Saw
25:48 Heavy Plow
27:02 Pikeman
27:43 Squires
31:15 Wheelbarrow
30:26 Town Watch
30:57 Scale Barding Armor
31:04 Forging
31:34 Husbandry
31:46 Bloodlines
34:27 Iron Casting
34:13 Chain Barding Armor
ema.frigo
6:23 Loom
10:04 Feudal Age
13:04 Man-at-Arms
20:17 Castle Age
18:56 Stone Mining
19:18 Double-Bit Axe
19:30 Gold Mining
21:41 Forging
21:59 Scale Barding Armor
24:12 Treadmill Crane
26:17 Iron Casting
27:19 Chain Barding Armor
29:58 Husbandry
32:52 Gold Shaft Mining
35:40 Imperial Age
34:41 Fortified Wall
34:53 Ballistics
34:46 Masonry
36:16 Bow Saw
36:43 Murder Holes
36:32 Cavalier
vince
4:42 Loom
13:01 Feudal Age
15:49 Castle Age
14:10 Double-Bit Axe
14:53 Horse Collar
15:50 Gold Mining
17:01 Bow Saw
17:45 Heavy Plow
19:45 Gold Shaft Mining
19:43 Stone Mining
24:53 Wheelbarrow
24:55 Forging
25:11 Scale Barding Armor
25:07 Murder Holes
25:47 Town Watch
26:39 Fervor
30:42 Imperial Age
28:48 Fletching
29:21 Ballistics
29:41 Stone Shaft Mining
29:26 Hand Cart
31:31 Bloodlines
31:23 Husbandry
33:09 Crop Rotation
33:26 Chain Barding Armor
33:04 Bodkin Arrow
33:52 Town Patrol
34:01 Tusk Swords
36:05 Elite Battle Elephant
37:08 Conscription
38:24 Chemistry
37:31 Siege Engineers
38:06 Iron Casting
38:08 Plate Barding Armor
38:31 Masonry
TH*[KL]
0:32 Loom
16:35 Feudal Age
17:57 Wheelbarrow
17:11 Double-Bit Axe
17:09 Horse Collar
21:59 Gold Mining
24:59 Castle Age
23:33 Stone Mining
24:33 Fletching
26:10 Hand Cart
26:16 Bodkin Arrow
29:35 Heavy Plow
35:49 Imperial Age
33:59 Pikeman
34:58 Crossbowman
36:17 Bow Saw
38:09 Conscription
avto.kakhishvili1
9:50 Feudal Age
14:31 Castle Age
13:42 Wheelbarrow
12:57 Double-Bit Axe
12:59 Horse Collar
20:33 Wheelbarrow
20:11 Stone Mining
22:07 Bow Saw
21:53 Gold Mining
23:26 Heavy Plow
24:04 Gold Shaft Mining
24:05 Fletching
24:16 Padded Archer Armor
24:59 Bodkin Arrow
26:55 Hand Cart
27:50 Leather Archer Armor
31:12 Imperial Age
31:26 Elite Longbowman
32:33 Caravan
33:51 Two-Man Saw
35:27 Ballistics
35:11 Bracer
35:41 Ring Archer Armor
35:38 Yeomen
Connection lost

Rejoining the realm…

Still unreachable

The connection could not be restored.

Session expired

The server has moved on; the page needs a fresh start.